 Dungeon Crawl Stone Soup version 0.27.1-3-gb3d3a73c9e (webtiles) character file.

Game seed: 9011357436355350113

276 jfcaron the Fey Demonspawn (level 6, -7/41 HPs)
             Began as a Demonspawn Hedge Wizard on Oct 15, 2021.
             Was a Believer of Yredelemnul.
             Killed from afar by an orc wizard (13 damage)
             ... with a puff of flame
             ... on level 3 of the Dungeon on Oct 16, 2021.
             The game lasted 00:20:18 (3226 turns).

jfcaron the Fey Demonspawn (DsWz)                   Turns: 3226, Time: 00:20:20

Health: -7/41      AC:  5    Str: 10    XL:     6   Next: 4%
Magic:  3/10       EV: 12    Int: 17    God:    Yredelemnul [**....]
Gold:   100        SH:  0    Dex: 13    Spells: 3/11 levels left

rFire    . . .     SeeInvis .   a - +0 dagger
rCold    . . .     Faith    .   (no shield)
rNeg     . . .     Spirit   .   b - +0 robe
rPois    .         Reflect  .   g - +1 helmet
rElec    .         Harm     .   q - +0 cloak
rCorr    .         Rampage  .   (no gloves)
Will     .....                  (no boots)
Stlth    ++........             (no amulet)
HPRegen  0.13/turn              (no ring)
MPRegen  0.24/turn              (no ring)

@: no status effects
A: talons 2, magic regeneration
a: Renounce Religion, Animate Remains, Recall Undead Slaves, Injury Mirror


You were on level 3 of the Dungeon.
You worshipped Yredelemnul.
Yredelemnul was pleased with you.
You visited 1 branch of the dungeon, and saw 4 of its levels.

You collected 100 gold pieces.

Inventory:

Hand Weapons
 a - a +0 dagger (weapon)
 j - a +2 vorpal hand axe
 r - a +3 short sword
Missiles
 d - 100 stones
 l - a throwing net {!f}
 s - 20 sling bullets
Armour
 b - a +0 robe (worn)
 g - a +1 helmet (worn)
 q - a +0 cloak (worn)
Scrolls
 c - a scroll of teleportation {unknown}
 e - a scroll of silence {unknown}
 h - 2 scrolls of identify {unknown}
 i - a scroll of blinking {unknown}
 k - a scroll of brand weapon {unknown}
 n - a scroll of enchant weapon {unknown}
Potions
 f - a potion of curing
 m - a potion of flight {unknown}
 p - a potion of degeneration {unknown}
 t - a potion of mutation {unknown}


   Skills:
 - Level 2.0 Dodging
 - Level 3.0 Stealth
 + Level 3.0 Spellcasting
 + Level 2.1 Conjurations
 - Level 2.0 Summonings
 - Level 2.0 Translocations
 + Level 0.2 Air Magic
 + Level 0.3 Poison Magic
 - Level 5.0 Invocations


You had 3 spell levels left.
You knew the following spells:

 Your Spells              Type           Power      Damage    Failure   Level
a - Magic Dart            Conj           36%        1d4       7%          1
b - Blink                 Tloc           N/A        N/A       12%         2
c - Call Imp              Summ           9%         N/A       12%         2
d - Mephitic Cloud        Conj/Pois/Air  5%         N/A       34%         3

Your spell library contained the following spells:

 Spells                   Type           Power      Damage    Failure   Level
 Slow                     Hex            2%         N/A       26%         2
 Conjure Flame            Conj/Fire      6%         6-21      32%         3
 Dazzling Flash           Conj/Hex       12%        N/A       32%         3
 Iskenderun's Mystic Bla  Conj/Tloc      9%         2d4       58%         4
 Starburst                Conj/Fire      3%         6d3       100%        6


Dungeon Overview and Level Annotations

Branches:
Dungeon (4/15)
 Temple: D:4-7

Altars:
Ashenzari
Yredelemnul


Innate Abilities, Weirdness & Mutations

You have razor-sharp toenails.
You regenerate magic rapidly.


Message History

Reactivating autopickup.
There is a stone staircase leading down here.
Casting: Call Imp (safe; 12% risk of failure)
Confirm with . or Enter, or press ? or * to list all spells.
A beastly little devil appears in a puff of flame.
You hear some strange, mumbled words.
A magic dart appears from out of thin air!
Deactivating autopickup; reactivate with Ctrl-A.
The magic dart hits you!
* * * LOW HITPOINT WARNING * * *
Casting: Call Imp (safe; 12% risk of failure)
Confirm with . or Enter, or press ? or * to list all spells.
A beastly little devil appears in a puff of flame.
You hear some strange, mumbled words.
Something tries to affect you, but you resist.
Casting: Call Imp (safe; 12% risk of failure)
Confirm with . or Enter, or press ? or * to list all spells.
A beastly little devil appears in a puff of flame.
Something hits you but does no damage.
Your crimson imp closely misses something.
Press: ? - help, v - describe, . - travel
Here: a crimson imp (summoned, friendly)
The floor.
Casting: Call Imp (safe; 12% risk of failure)
Confirm with . or Enter, or press ? or * to list all spells.
A shadowy apparition takes form in the air.
Your crimson imp closely misses something.
Your crimson imp barely misses something.
Press: ? - help, v - describe, . - travel
Here: a shadow imp (summoned, friendly)
The floor.
Something hits you.
* * * LOW HITPOINT WARNING * * *
Your crimson imp disappears in a puff of smoke!
Your crimson imp blinks!
You hear some strange, mumbled words.
A puff of flame appears from out of thin air!
The puff of flame hits you!
You die...
Your body rises from the dead as a mindless zombie.

........#.....................##.
........##...............>....##.
........##.......................
..............#..................
#.....).......#..................
#.............#................#.
#..............................#.
#..............................#.
#.......######..@{§..............
######### #..§5............... #
#...5>.............. #
#............#....## #
########5....#....## #
#.....###...# ####### ###.# #..
###


You could see 2 friendly crimson imps and a friendly shadow imp (summoned).

Vanquished Creatures
  A howler monkey (D:4)
  Crazy Yiuf (D:3)
  An orc priest (D:3)
  Natasha (thrice) (D:3)
  An orc wizard (D:4)
  3 gnolls (D:2)
  3 adders
  2 ufetubi (D:4)
  2 worms
  4 dart slugs
  7 orcs
  8 bats
  3 bat zombies (D:2)
  9 endoplasms
  2 giant cockroaches
  5 goblins
  2 hobgoblins
  7 jackals
  3 kobolds
  3 quokkas
  An adder zombie (D:3)
  4 ball pythons
  3 ball python zombies
  A dart slug zombie (D:3)
  A felid zombie (D:3)
  3 frilled lizards (D:2)
  2 frilled lizard zombies (D:2)
  A giant cockroach zombie (D:2)
  A gnoll zombie (D:2)
  A hobgoblin zombie (D:2)
  2 jackal skeletons (D:3)
  A kobold zombie (D:2)
  4 orc zombies
  A quokka zombie (D:3)
  4 rats
  A rat zombie (D:3)
  2 fungi (D:3)
103 creatures vanquished.

Notes
Turn   | Place    | Note
-------+----------+-------------------------------------------
     0 | D:1      | jfcaron the Demonspawn Hedge Wizard began the quest for the
                  | Orb.
     0 | D:1      | Reached XP level 1. HP: 13/13 MP: 4/4
    69 | D:1      | Reached skill level 1 in Translocations
   314 | D:1      | Gained mutation: You regenerate magic rapidly. [demonic
                  | ancestry]
   314 | D:1      | Reached XP level 2. HP: 19/19 MP: 0/6
   379 | D:1      | Learned a level 2 spell: Blink
   382 | D:1      | Learned a level 2 spell: Call Imp
   666 | D:1      | Found a faded altar of an unknown god.
   672 | D:1      | Became a worshipper of Yredelemnul the Dark
   672 | D:1      | Reached * piety under Yredelemnul
   937 | D:2      | Reached XP level 3. HP: 24/24 MP: 5/7
  1104 | D:2      | Reached skill level 1 in Invocations
  1456 | D:2      | HP: 2/24 [worm (6)]
  1478 | D:2      | Gained mutation: You have sharp toenails. [demonic
                  | ancestry]
  1478 | D:2      | Reached XP level 4. HP: 5/30 MP: 8/8
  1707 | D:3      | Reached ** piety under Yredelemnul
  2011 | D:3      | Reached skill level 2 in Invocations
  2239 | D:3      | Noticed Natasha
  2249 | D:3      | Killed Natasha
  2250 | D:3      | Reached skill level 3 in Invocations
  2250 | D:3      | Gained mutation: You have razor-sharp toenails. [demonic
                  | ancestry]
  2250 | D:3      | Reached XP level 5. HP: 13/35 MP: 2/9
  2364 | D:3      | Noticed Natasha
  2370 | D:3      | Killed Natasha
  2372 | D:3      | Noticed Natasha
  2374 | D:3      | Killed Natasha
  2587 | D:3      | Found a runed translucent door.
  2588 | D:3      | Noticed Crazy Yiuf
  2600 | D:3      | Your ally Natasha died
  2625 | D:3      | Killed Crazy Yiuf
  2626 | D:3      | Reached skill level 4 in Invocations
  2901 | D:4      | Found a broken altar of Ashenzari.
  3104 | D:4      | Reached skill level 5 in Invocations
  3108 | D:4      | Learned a level 3 spell: Mephitic Cloud
  3171 | D:4      | Reached XP level 6. HP: 31/41 MP: 1/10
  3219 | D:3      | HP: 7/41 [something/magic dart (9)]
  3225 | D:3      | HP: 6/41 [something (2)]
  3226 | D:3      | Killed from afar by an orc wizard

Illustrated notes

Levels and vault maps discovered:
D:1:      psy_arrival_fountain, layout_rooms, basic_ecumenical_altar,
          grunt_decor_one_mirror
D:2:      layout_rooms, minmay_misc_feat_rugged
D:3:      layout_basic, uniq_natasha, uniq_crazy_yiuf_cottage
D:4:      layout_loops_ring, mainiacjoe_overflow_boulevard, lemuel_tele_altar

Skill      XL: |  1  2  3  4  5 |
---------------+----------------+-----
Translocations | 1 2 |  2.0
Dodging        | 2 |  2.0
Stealth        | 2 3 |  3.0
Conjurations   | 2 |  2.1
Invocations    | 1 3 5 |  5.0
Summonings     | 2 |  2.0
Spellcasting   | |  3.0
Air Magic      | |  0.2
Poison Magic   | |  0.3

Action                   |  1- 3 |  4- 6 || total
-------------------------+-------+-------++-------
Melee: Dagger            |    32 |    50 ||    82
       Kick              |       |     5 ||     5
 Cast: Magic Dart        |    96 |    81 ||   177
       Call Imp          |     1 |    15 ||    16
       Blink             |       |     2 ||     2
Invok: Animate Remains   |    10 |    17 ||    27
Evoke: Wand              |       |     5 ||     5
  Use: Potion            |       |     1 ||     1
Armor: Robe              |    17 |    18 ||    35
Dodge: Dodged            |    41 |    29 ||    70
